General information
- name: BNet
- type: Ladder team game (AT/RT)
- host: Battle.net
- saver: ANGRY-JOE-NO.1
map: MarketSquare
- players: 8
- length: 09:04
- speed: Fast
- version: 1.27 W3XP
- replay type: Public
» download(82 KB)
Players
team 1 (winner)
forfun5 (
green | 63 APM | 569 actions | 09:03)
2 Keeper of the Grove
1 Entangling Roots
1 Force of Nature
» actions
| Assign group hotkey | 8 | |
| Build / train | 47 | |
| Enter build submenu | 12 | |
| Enter hero's abilities submenu | 2 | |
| Right click | 221 | |
| Select / deselect | 76 | |
| Select group hotkey | 181 | |
| Use ability | 22 | |
569 total
» units
» upgrades
| Strength of the Moon | 1 | |
| Improved Bows | 1 | |
2 total
» buildings
| Altar of Elders | 1 | |
| Moon Well | 4 | |
| Hunter's Hall | 1 | |
| Ancient of Wonders | 1 | |
| Ancient of War | 2 | |
| Tree of Ages | 5 | |
| Ancient of Wind | 2 | |
16 total
» build order
00:11 Altar of Elders
00:22 Moon Well
01:38 Hunter's Hall
01:45 Ancient of Wonders
01:56 Ancient of War
02:11 Moon Well
02:34 Ancient of War
03:04 Moon Well
05:50 Tree of Ages
05:50 Tree of Ages
05:51 Tree of Ages
06:45 Moon Well
08:28 Ancient of Wind
08:32 Ancient of Wind
» items
ANGRY-JOE-NO.1 (
orange | 71 APM | 648 actions | 09:04)
3 Mountain King
2 Storm Bolt
1 Bash
1 Paladin
1 Holy Light
» actions
| Assign group hotkey | 18 | |
| Basic commands | 3 | |
| Build / train | 28 | |
| Enter build submenu | 14 | |
| Enter hero's abilities submenu | 4 | |
| Right click | 310 | |
| Select / deselect | 95 | |
| Select group hotkey | 144 | |
| Use ability | 32 | |
648 total
» units
| Peasant | 8 | |
| Footman | 5 | |
| Dragonhawk Rider | 1 | |
14 total
» upgrades
| Masonry | 1 | |
| Lumber Harvesting | 1 | |
2 total
» buildings
| Altar of Kings | 1 | |
| Barracks | 1 | |
| Farm | 8 | |
| Scout Tower | 3 | |
| Arcane Vault | 1 | |
| Arcane Tower | 1 | |
| Lumber Mill | 1 | |
| Keep | 1 | |
| Blacksmith | 1 | |
| Castle | 1 | |
| Gryphon Aviary | 2 | |
| Guard Tower | 1 | |
22 total
» build order
00:06 Altar of Kings
00:21 Barracks
00:36 Farm
00:52 Farm
01:25 Scout Tower
01:41 Farm
02:04 Arcane Vault
02:26 Arcane Tower
03:28 Lumber Mill
03:47 Keep
04:07 Farm
04:13 Blacksmith
04:45 Farm
05:07 Scout Tower
05:07 Scout Tower
06:23 Castle
06:42 Gryphon Aviary
06:43 Gryphon Aviary
06:46 Farm
06:46 Farm
06:46 Farm
07:30 Guard Tower
» items
BigLaw (
blue | 69 APM | 623 actions | 09:03)
3 Lich
2 Frost Armor
1 Dark Ritual
» actions
| Assign group hotkey | 6 | |
| Build / train | 26 | |
| Enter build submenu | 7 | |
| Enter hero's abilities submenu | 3 | |
| Right click | 300 | |
| Select / deselect | 78 | |
| Select group hotkey | 168 | |
| Use ability | 35 | |
623 total
» units
» upgrades
| Cannibalize | 1 | |
| Creature Attack | 1 | |
2 total
» buildings
| Ziggurat | 3 | |
| Crypt | 1 | |
| Altar of Darkness | 1 | |
| Nerubian Tower | 1 | |
| Tomb of Relics | 1 | |
| Graveyard | 1 | |
| Halls of the Dead | 1 | |
| Spirit Tower | 2 | |
11 total
» build order
00:08 Ziggurat
00:11 Crypt
00:44 Altar of Darkness
00:58 Ziggurat
01:30 Nerubian Tower
01:34 Tomb of Relics
02:29 Ziggurat
03:01 Graveyard
05:04 Halls of the Dead
05:06 Spirit Tower
05:07 Spirit Tower
» items
loscetcselbnla (
pink | 314 APM | 2845 actions | 09:03)
2 Dark Ranger
1 Black Arrow
1 Life Drain
» actions
| Assign group hotkey | 41 | |
| Build / train | 55 | |
| ESC pressed | 3 | |
| Enter build submenu | 18 | |
| Enter hero's abilities submenu | 2 | |
| Right click | 2118 | |
| Select / deselect | 238 | |
| Select group hotkey | 338 | |
| Use ability | 32 | |
2845 total
» units
» upgrades
| Strength of the Moon | 1 | |
| Moon Armor | 2 | |
3 total
» buildings
| Altar of Elders | 1 | |
| Moon Well | 4 | |
| Ancient of War | 2 | |
| Ancient of Wonders | 1 | |
| Tree of Ages | 2 | |
| Hunter's Hall | 1 | |
| Ancient of Wind | 2 | |
13 total
» build order
00:04 Altar of Elders
00:12 Moon Well
00:15 Moon Well
01:01 Ancient of War
01:34 Moon Well
02:01 Ancient of War
02:12 Ancient of Wonders
04:22 Moon Well
05:29 Tree of Ages
05:29 Tree of Ages
06:30 Hunter's Hall
07:54 Ancient of Wind
08:14 Ancient of Wind
team 2 (loser)
Grimmy (
teal | 81 APM | 677 actions | 08:21)
2 Blood Mage
1 Banish
1 Flame Strike
» actions
| Assign group hotkey | 14 | |
| Basic commands | 42 | |
| Build / train | 38 | |
| Enter build submenu | 16 | |
| Enter hero's abilities submenu | 2 | |
| Right click | 325 | |
| Select / deselect | 146 | |
| Select group hotkey | 64 | |
| Use ability | 30 | |
677 total
» units
» upgrades
| Masonry | 1 | |
| Swords | 1 | |
| Lumber Harvesting | 1 | |
3 total
» buildings
| Altar of Kings | 1 | |
| Farm | 8 | |
| Barracks | 1 | |
| Scout Tower | 2 | |
| Lumber Mill | 1 | |
| Arcane Tower | 1 | |
| Arcane Vault | 1 | |
| Keep | 1 | |
| Blacksmith | 1 | |
| Guard Tower | 1 | |
18 total
» build order
00:13 Altar of Kings
00:14 Farm
00:16 Farm
00:23 Barracks
00:55 Farm
01:40 Farm
02:16 Farm
02:45 Scout Tower
03:14 Lumber Mill
03:31 Arcane Tower
03:40 Arcane Vault
04:06 Keep
04:21 Blacksmith
04:34 Scout Tower
05:11 Guard Tower
05:32 Farm
05:33 Farm
06:11 Farm
» items
| Scroll of Regeneration | 2 | |
| Lesser Clarity Potion | 2 | |
| Scroll of Town Portal | 1 | |
5 total
CrumblyBiscuits (
purple | 80 APM | 679 actions | 08:30)
3 Tauren Chieftain
2 War Stomp
1 Endurance Aura
» actions
| Assign group hotkey | 60 | |
| Basic commands | 4 | |
| Build / train | 28 | |
| Enter build submenu | 11 | |
| Enter hero's abilities submenu | 3 | |
| Right click | 264 | |
| Select / deselect | 145 | |
| Select group hotkey | 131 | |
| Use ability | 33 | |
679 total
» units
| Peon | 13 | |
| Troll Headhunter/Berserker | 5 | |
18 total
» buildings
| Altar of Storms | 1 | |
| Orc Burrow | 4 | |
| War Mill | 1 | |
| Barracks | 1 | |
| Watch Tower | 1 | |
| Voodoo Lounge | 1 | |
| Stronghold | 1 | |
10 total
» build order
00:07 Altar of Storms
00:18 Orc Burrow
01:07 War Mill
01:19 Barracks
01:40 Orc Burrow
02:52 Watch Tower
03:17 Voodoo Lounge
03:53 Stronghold
05:49 Orc Burrow
05:52 Orc Burrow
» items
| Healing Salve | 2 | |
| Scroll of Town Portal | 1 | |
| Potion of Lesser Invulnerability | 1 | |
| Scroll of Healing | 1 | |
5 total
Nahsir (
yellow | 44 APM | 400 actions | 09:02)
3 Demon Hunter
2 Evasion
1 Immolation
» actions
| Assign group hotkey | 6 | |
| Build / train | 32 | |
| ESC pressed | 2 | |
| Enter build submenu | 15 | |
| Enter hero's abilities submenu | 3 | |
| Right click | 171 | |
| Select / deselect | 95 | |
| Select group hotkey | 49 | |
| Use ability | 27 | |
400 total
» units
» upgrades
| Ultravision | 1 | |
| Reinforced Hides | 2 | |
| Strength of the Wild | 1 | |
| Druid of the Claw Training | 2 | |
| Abolish Magic | 1 | |
7 total
» buildings
| Moon Well | 6 | |
| Altar of Elders | 1 | |
| Hunter's Hall | 1 | |
| Ancient of Wonders | 1 | |
| Tree of Ages | 1 | |
| Ancient Protector | 2 | |
| Tree of Eternity | 1 | |
| Ancient of Lore | 2 | |
15 total
» build order
00:22 Moon Well
00:37 Altar of Elders
00:47 Moon Well
01:38 Moon Well
02:04 Hunter's Hall
02:07 Moon Well
02:21 Ancient of Wonders
02:58 Moon Well
03:14 Tree of Ages
03:28 Moon Well
03:44 Ancient Protector
04:39 Ancient Protector
05:43 Tree of Eternity
05:47 Ancient of Lore
05:50 Ancient of Lore

»
kiD (
red | 46 APM | 391 actions | 08:35)
2 Crypt Lord
1 Carrion Beetles
1 Impale
» actions
| Basic commands | 15 | |
| Build / train | 27 | |
| Enter build submenu | 8 | |
| Enter hero's abilities submenu | 2 | |
| Right click | 252 | |
| Select / deselect | 73 | |
| Use ability | 14 | |
391 total
» units
| Acolyte | 3 | |
| Ghoul | 8 | |
| Crypt Fiend | 8 | |
19 total
» buildings
| Crypt | 2 | |
| Graveyard | 1 | |
| Altar of Darkness | 1 | |
| Ziggurat | 3 | |
| Nerubian Tower | 1 | |
| Spirit Tower | 2 | |
| Tomb of Relics | 1 | |
| Halls of the Dead | 1 | |
12 total
» build order
00:15 Crypt
00:22 Graveyard
00:47 Altar of Darkness
01:11 Ziggurat
01:36 Ziggurat
01:52 Ziggurat
02:14 Nerubian Tower
02:32 Spirit Tower
02:52 Spirit Tower
03:33 Tomb of Relics
04:28 Halls of the Dead
08:32 Crypt
Chat log
(03:18 / Allies) ANGRY-JOE-NO.1: great communication, guys
(03:26 / Allies) BigLaw: im hittin
(03:36 / Allies) ANGRY-JOE-NO.1: like with or without us??
(03:38 / Allies) BigLaw: just economy
(03:42 / Allies) BigLaw: just raiding
(04:58 / Allies) BigLaw: purp teched
(05:28 / Allies) ANGRY-JOE-NO.1: want me to tp?
(05:36 / Allies) BigLaw: na
(05:49 / Allies) ANGRY-JOE-NO.1: all 5 acos!
(07:01 / Allies) forfun5: hall
(07:10 / Allies) ANGRY-JOE-NO.1: burrows too
(07:20 / Allies) forfun5: hall
(07:20 / Allies) ANGRY-JOE-NO.1: hall gogo
(08:00 / Allies) BigLaw: wp gentlemen
(08:17 / All) Grimmy: gg
(08:20 / All) BigLaw: gg
(08:22 / All) loscetcselbnla: g